AoeStats
← tavoo

Four Lakes

507862362Analyzed
1v1 RM · 14d ago on Sep 20, 2026· 27m 39s· 2 players
Game mode
Random Map
Map size
Tiny (2 player)
Population
200
Speed
Normal
Resources
Standard
Victory
Conquest
Starting age
Dark Age
Ending age
Imperial Age
RankedLock teamsTeams togetherTeam positionsShared explorationLock speedFull tech treeHidden civsTurbo modeCheats
Victory
Defeat
🇺🇸 Lithuanians · United States
1351
+17
🇲🇽 Persians · Mexico
1375
-17
memez
10:34 Feudal Age
8:59 Loom
11:31 Double-Bit Axe
14:23 Castle Age
12:31 Gold Mining
14:59 Forging
15:43 Horse Collar
18:03 Town Watch
20:37 Wheelbarrow
20:14 Pikeman
21:47 Fervor
24:21 Sanctity
24:28 Scale Mail Armor
25:48 Iron Casting
25:57 Squires
28:15 Hand Cart
30:35 Imperial Age
tavoo
7:10 Loom
9:41 Feudal Age
10:53 Double-Bit Axe
18:38 Castle Age
18:36 Forging
19:33 Town Watch
19:57 Husbandry
20:46 Scale Barding Armor
24:35 Bloodlines
25:57 Fervor
Connection lost

Rejoining the realm…

Still unreachable

The connection could not be restored.

Session expired

The server has moved on; the page needs a fresh start.